 Dungeon Crawl Stone Soup version 0.23.0 (webtiles) character file.

Game seed: 7655831917288710891

69 Slothtographer the Charlatan (level 4, 0/26 HPs)
             Began as a Tengu Artificer on Feb 10, 2019.
             Succumbed to a scorpion's poison
             ... on level 2 of the Dungeon.
             The game lasted 00:02:57 (1286 turns).

Slothtographer the Charlatan (Tengu Artificer)      Turns: 1286, Time: 00:02:58

Health: 0/26       AC:  3    Str: 13    XL:     4   Next: 20%
Magic:  7/7        EV: 15    Int: 11    God:
Gold:   46         SH:  0    Dex: 15    Spells: 3/3 levels left

rFire    + . .     SeeInvis .   o - +2 whip (venom)
rCold    + . .     Gourm    .   (no shield)
rNeg     . . .     Faith    .   b - +0 leather armour
rPois    +         Spirit   .   (helmet restricted)
rElec    +         Reflect  .   (no cloak)
rCorr    +         Harm     .   (no gloves)
MR       .....                  (boots unavailable)
Stlth    ++........             m - amulet of magic regeneration
HPRegen  0.08/turn              (no ring)
MPRegen  0.35/turn              (no ring)

@: lethally poisoned (0 -> -9), resistant, flying quickly and evasively, quick
A: beak, talons 3
a: no special abilities


You were on level 2 of the Dungeon.
You were not hungry.

You visited 1 branch of the dungeon, and saw 2 of its levels.

You collected 46 gold pieces.

Inventory:

Hand Weapons
 a - a +0 short sword
 o - a +2 whip of venom (weapon)
Armour
 b - a +0 leather armour (worn)
 g - a +0 ring mail
Jewellery
 m - an amulet of magic regeneration (around neck)
Wands
 c - a wand of flame (10)
 d - a wand of enslavement (15)
 e - a wand of random effects (15)
Scrolls
 h - 4 scrolls of amnesia {unknown}
 i - a scroll of teleportation {unknown}
 j - a scroll of fog {unknown}
 l - a scroll of identify {unknown}
 p - a scroll of remove curse {unknown}
Comestibles
 f - 5 rations
 q - 2 chunks of flesh


   Skills:
 + Level 2.0 Fighting
 - Level 1.8 Short Blades
 + Level 3.0 Dodging
 - Level 1.0 Stealth
 + Level 3.8 Evocations


You had 3 spell levels left.
You didn't know any spells.
Your spell library was empty.

Dungeon Overview and Level Annotations

Branches:
Dungeon (2/15)

Altars:
Sif Muna


Innate Abilities, Weirdness & Mutations

You have a beak for a mouth.
You have claws for feet.


Message History

An adder is nearby!
An adder is nearby!
An adder is nearby!
A scorpion comes into view.
You barely miss the scorpion. The adder bites you. The scorpion stings you!
You barely miss the scorpion. Your peck misses the scorpion.
The adder bites you.
You are poisoned.
The adder poisons you! The scorpion stings you.
You are lethally poisoned!
The scorpion poisons you! The adder closely misses you.
It was a potion of resistance.
You feel protected.
You feel sick. The scorpion closely misses you. The adder closely misses you.
It was a potion of flight.
You feel very buoyant.
You swoop lightly up into the air.
You feel sick. The adder barely misses you. The scorpion stings you!
* * * LOW HITPOINT WARNING * * *
You die...

#...# #.## ..#.# #.#
#..........#
#(..#####.###..........#
.....#.....##..........#
..##.......##..........#
.....[................#
.#####.....###........##
>...............s......#
##......#####...@S.....#
##.###.######..........#
.).........##..........#
............#..........#
.............#........##
.............##......##
.............#########
....†........#
.............#


You could see a scorpion and an adder.

Vanquished Creatures
  3 adders (D:2)
  2 worms (D:2)
  2 dart slugs
  A leopard gecko (D:2)
  5 hobgoblins
  3 kobolds (D:2)
  A ball python (D:2)
  5 bats
  3 frilled lizards (D:2)
  3 goblins
  6 rats
34 creatures vanquished.

Notes
Turn   | Place    | Note
-------+----------+-------------------------------------------
     0 | D:1      | Slothtographer the Tengu Artificer began the quest for the
                  | Orb.
     0 | D:1      | Reached XP level 1. HP: 12/12 MP: 4/4
   148 | D:1      | Reached XP level 2. HP: 13/16 MP: 5/5
   741 | D:2      | Reached XP level 3. HP: 19/20 MP: 6/6
   851 | D:2      | Found a deep blue altar of Sif Muna.
  1088 | D:2      | Reached XP level 4. HP: 24/26 MP: 7/7
  1285 | D:2      | HP: 1/26 [scorpion (7)]
  1286 | D:2      | Succumbed to a scorpion's poison

Skill      XL: |  1  2  3  4 |
---------------+-------------+-----
Dodging        | 3 |  3.0
Fighting       | 2 |  2.0
Short Blades   | |  1.8
Stealth        | |  1.0
Evocations     | |  3.8

Action                   |  1- 3 |  4- 6 || total
-------------------------+-------+-------++-------
Melee: Short sword       |    51 |       ||    51
       Kick              |    10 |     3 ||    13
       Peck              |     5 |     3 ||     8
       Whip              |     7 |    17 ||    24
Evoke: Wand              |     5 |       ||     5
  Use: Potion            |     1 |     2 ||     3
 Stab: Sleeping          |     3 |     1 ||     4
  Eat: Chunk             |       |     1 ||     1
Armor: Leather armour    |    21 |     1 ||    22
Dodge: Dodged            |    34 |     8 ||    42
